 Dungeon Crawl Stone Soup version 0.28.0-47-ge53b351184 (webtiles) character file.

Game seed: 16921316644238033578

19 Exodus22XD the Covered (level 2, 19/27 HPs)
             Began as a Minotaur Fighter on May 8, 2022.
             Was a Follower of Makhleb.
             Quit the game on level 1 of the Dungeon.
             The game lasted 00:00:26 (452 turns).

Exodus22XD the Covered (Minotaur Fighter)            Turns: 452, Time: 00:00:27

Health: 19/27      AC:  7    Str: 20    XL:     2   Next: 55%
Magic:  1/1        EV:  9    Int:  5    God:    Makhleb [*.....]
Gold:   31         SH:  4    Dex:  9    Spells: 1/1 levels left

rFire   . . .      SeeInvis .   a - +0 war axe
rCold   . . .      Faith    .   c - +0 buckler
rNeg    . . .      Spirit   .   b - +0 scale mail
rPois   .          Reflect  .   (helmet restricted)
rElec   .          Harm     .   (no cloak)
rCorr   .          Rampage  .   (no gloves)
Will    .....                   (no boots)
Stlth   ..........              (no amulet)
HPRegen 0.09/turn               (no ring)
MPRegen 0.07/turn               (no ring)

@: no status effects
A: horns 2, retaliatory headbutt
a: Renounce Religion


You were on level 1 of the Dungeon.
You worshipped Makhleb.
Makhleb was aware of your devotion.
You visited 1 branch of the dungeon, and saw 1 of its levels.

You collected 31 gold pieces.

Inventory:

Hand Weapons
 a - a +0 war axe (weapon)
Armour
 b - a +0 scale mail (worn)
 c - a +0 buckler (worn)
Potions
 d - a potion of might


   Skills:
 + Level 3.9 Fighting
 + Level 2.7 Axes
 + Level 4.0 Armour
 + Level 3.9 Shields


You had one spell level left.
You didn't know any spells.
Your spell library was empty.

Dungeon Overview and Level Annotations

Branches:
Dungeon (1/15)

Altars:
Makhleb


Innate Abilities, Weirdness & Mutations

You have a pair of horns on your head.
You reflexively headbutt those who attack you in melee.


Message History

A hobgoblin is nearby!
You closely miss the hobgoblin. The hobgoblin barely misses you. x2
You furiously retaliate!
You headbutt the hobgoblin, but do no damage.
A hobgoblin is nearby!
A hobgoblin is nearby!
You closely miss the hobgoblin. You headbutt the hobgoblin.
You kill the hobgoblin!
A bat comes into view.
The bat hits you but does no damage.
A bat is nearby!
You slash the bat!
You kill the bat!
Found a hand axe.
No target in view!
Found a faded altar of an unknown god.
No target in view!
A kobold comes into view. It is wielding a +0 short sword.
The kobold shouts!
A kobold is nearby!
A kobold is nearby!
The kobold hits you with a +0 short sword.
You closely miss the kobold. The kobold barely misses you.
You miss the kobold. The kobold closely misses you.
You barely miss the kobold.
The kobold hits you with a +0 short sword. x2
You hit the kobold.
You kill the kobold!
Things that are here:
a +0 short sword; a kobold corpse You now have 30 gold pieces (gained 8).
You enter the shallow water.
Moving in this stuff is going to be slow.
You now have 31 gold pieces (gained 1).
There is a faded altar of an unknown god here.
You cannot tell which god this altar belongs to.
Convert to them anyway?
Makhleb accepts your prayer! Makhleb welcomes you!
You can now gain health from killing.
Are you sure you want to abandon this character and quit the game? (Confirm with "yes".)

..............#
..............#
.#............#
#............#
...###....#####
..) ##......#
#.......#
#.≈≈≈...#
#.≈@≈)..#
#.≈≈≈...#
#.......#
##......#
##.##### #.#
..# ####


There were no monsters in sight!

Vanquished Creatures
  A ball python (D:1)
  3 bats (D:1)
  An endoplasm (D:1)
  A giant cockroach (D:1)
  3 hobgoblins (D:1)
  A kobold (D:1)
  11 rats (D:1)
21 creatures vanquished.

Notes
Turn   | Place    | Note
-------+----------+-------------------------------------------
     0 | D:1      | Exodus22XD the Minotaur Fighter began the quest for the
                  | Orb.
     0 | D:1      | Reached XP level 1. HP: 19/19 MP: 0/0
   298 | D:1      | Reached XP level 2. HP: 27/27 MP: 1/1
   390 | D:1      | Reached skill level 4 in Armour
   431 | D:1      | Found a faded altar of an unknown god.
   451 | D:1      | Prayed at the altar of an unknown god.
   451 | D:1      | Became a worshipper of Makhleb the Destroyer
   451 | D:1      | Reached * piety under Makhleb
   452 | D:1      | Quit the game

Illustrated notes

Levels and vault maps discovered:
D:1:      minmay_arrival_glassed_features, layout_basic,
          hellmonk_ecumenical_altar_pennies_from_heaven,
          nicolae_concentric_dashed_squares_wild, minmay_rat_gold_closets

Skill      XL: |  1  2 |
---------------+-------+-----
Armour         | 4 |  4.0
Fighting       | |  3.9
Axes           | |  2.7
Shields        | |  3.9

Action                   || total
-------------------------++-------
Melee: War axe           ||    42
       Headbutt          ||     5
Armor: Scale mail        ||    11
Dodge: Dodged            ||    18
Block: Buckler           ||     6
